AoeStats
← old f1sh

African Clearing

510294700Analyzed
4v4 RM · 1d ago on Sep 30, 2026· 23m 14s· 8 players
Game mode
Random Map
Map size
Large (8 player)
Population
200
Speed
Normal
Resources
Standard
Victory
Conquest
Starting age
Dark Age
Ending age
Imperial Age
RankedLock teamsTeams togetherTeam positionsShared explorationLock speedFull tech treeHidden civsTurbo modeCheats
Victory
Defeat
🇨🇳 Saxons · China
1398
+15
🇨🇳 Varangians · China
1347
+17
🇹🇼 Vietnamese · Taiwan
1287
+19
🇭🇰 Shu · Hong Kong SAR China
1248
+20
🇨🇳 Persians · China
1381
-19
🇨🇳 Turks · China
1379
-19
🇹🇷 Lithuanians · Türkiye
1347
-17
🇻🇪 Mongols · Venezuela
1325
-16
RagnarLothbrok
14:36 Feudal Age
12:53 Loom
14:39 Feudal Age
bayirm17
5:44 Loom
7:59 Loom
14:02 Feudal Age
14:51 Double-Bit Axe
18:17 Castle Age
16:36 Horse Collar
18:20 Gold Mining
22:27 Bow Saw
Revenant
14:22 Feudal Age
14:40 Loom
22:54 Bloodlines
23:06 Double-Bit Axe
287840580
5:06 Loom
14:18 Feudal Age
14:58 Double-Bit Axe
17:17 Bloodlines
19:22 Castle Age
20:06 Bow Saw
fox0503
11:31 Loom
11:39 Loom
14:57 Feudal Age
15:34 Town Watch
20:57 Castle Age
19:35 Double-Bit Axe
21:21 Pikeman
{duress} Lendon
9:37 Loom
12:10 Feudal Age
12:47 Double-Bit Axe
14:28 Fletching
14:39 Padded Archer Armor
22:57 Castle Age
21:25 Gold Mining
21:20 Horse Collar
23:00 Crossbowman
23:46 Thumb Ring
23:40 Bodkin Arrow
24:00 Leather Archer Armor
涅槃重生
13:16 Feudal Age
15:13 Loom
17:33 Castle Age
16:58 Double-Bit Axe
17:08 Gold Mining
17:10 Stone Mining
19:47 Bow Saw
19:21 Horse Collar
old f1sh
12:32 Loom
14:17 Feudal Age
15:20 Double-Bit Axe
15:29 Town Watch
16:01 Double-Bit Axe
15:59 Fishing Lines
18:27 Castle Age
17:39 Gold Mining
19:11 Fletching
20:09 Bow Saw
21:44 Bodkin Arrow
Connection lost

Rejoining the realm…

Still unreachable

The connection could not be restored.

Session expired

The server has moved on; the page needs a fresh start.